 Dungeon Crawl Stone Soup version 0.19.0-9-gfd783f2 (webtiles) character file.

213 Andry07 the Skirmisher (level 5, 0/47 HPs)
             Began as a Merfolk Skald on Nov 7, 2016.
             Slain by a sky beast (5 damage)
             ... on level 5 of the Dungeon.
             The game lasted 00:04:45 (3127 turns).

Andry07 the Skirmisher (Merfolk Skald)              Turns: 3127, Time: 00:04:45

Health: 0/47       AC:  6    Str: 14    XL:     5   Next: 90%
Magic:  7/8        EV:  9    Int: 11    God:
Gold:   161        SH:  0    Dex: 13    Spells: 1 memorised, 7 levels left

rFire  . . .     SeeInvis .     e - +3 spear
rCold  . . .     Gourm    .     s - +0 scale mail (curse)
rNeg   . . .     Faith    .     (no shield)
rPois  .         Spirit   .     (no helmet)
rElec  .         Reflect  .     (no cloak)
rCorr  .         Harm     .     (no gloves)
MR     .....                    (no boots)
Stlth  ..........               (no amulet)
                                (no ring)
                                (no ring)

@: very slightly contaminated
A: change form in water, swift swim, stealthy swim
a: no special abilities


You were on level 5 of the Dungeon.
You were very hungry.

You visited 1 branch of the dungeon, and saw 5 of its levels.

You collected 161 gold pieces.

Inventory:

Hand Weapons
 a - a +0 falchion
 e - a +3 spear (weapon)
Armour
 b - a +0 leather armour
 s - a cursed +0 scale mail (worn)
Scrolls
 f - 2 scrolls of identify {unknown}
 g - 2 scrolls of enchant weapon {unknown}
 j - a scroll of teleportation {unknown}
 l - a scroll of enchant armour {unknown}
 o - 4 scrolls of blinking {unknown}
 p - a scroll of fog {unknown}
 r - 3 scrolls of recharging {unknown}
Potions
 i - a potion of flight {unknown}
 k - a potion of heal wounds {unknown}
 m - a potion of haste {unknown}
 q - a potion of degeneration {unknown}
Books
 c - a book of Battle

   Spells                             Type                      Level
   a - Infusion                       Charms                       1
   b - Shroud of Golubria             Charms/Translocation         2
   c - Song of Slaying                Charms                       2
   d - Spectral Weapon                Hexes/Charms                 3
   e - Regeneration                   Charms/Necromancy            3
Comestibles
 d - a bread ration
 h - 2 beef jerkies
 n - a royal jelly
 t - a meat ration


   Skills:
 + Level 6.5 Fighting
 - Level 2.1 Long Blades
 - Level 0.6 Armour
 - Level 1.3 Dodging
 - Level 2.0 Spellcasting
 - Level 3.2 Charms


You had 7 spell levels left.
You knew the following spells:

 Your Spells              Type           Power        Failure   Level  Hunger
a - Infusion              Chrm           #...         38%         1    ##.....


Dungeon Overview and Level Annotations

Branches:
Dungeon (5/15)
 Temple: D:4-7

Altars:

Annotations:
D:3 ayyllmao's ghost, amateur HEHu
D:4 Sigmund


Message History

You hit the sky beast but do no damage.
The sky beast is lightly wounded.
The sky beast flickers out of sight!
Deactivating autopickup; reactivate with Ctrl-A.
Something hits you but does no damage.
Casting: Infusion
Confirm with . or Enter, or press ? or * to list all spells.
You miscast Infusion.
You are very lightly contaminated with residual magic.
Nothing appears to happen.
Something hits you but does no damage.
You miss something. Something hits you.
* * * LOW HITPOINT WARNING * * *
Something shocks you.
* * * LOW HITPOINT WARNING * * *
You barely miss something.
A sky beast appears from thin air!
Reactivating autopickup.
The sky beast misses you. The sky beast hits you.
* * * LOW HITPOINT WARNING * * *
The sky beast shocks you.
You die...

#.#
#$#
#.#
#.#
##.#
..#
#Y#
#@#
#<#
#.#
#..
#.##
..#
#.#
#.#
#.#


You could see a sky beast.

Vanquished Creatures
  An orc priest (D:4)
  3 worker ants (D:4)
  3 gnolls (D:2)
  An adder (D:2)
  An ooze (D:2)
  An adder skeleton (D:4)
  A worm (D:2)
  4 leopard geckos
  3 orcs (D:4)
  7 bats
  7 giant cockroaches
  3 goblins
  4 hobgoblins
  A quokka (D:4)
  10 ball pythons
  4 frilled lizards
  5 kobolds
  5 rats
64 creatures vanquished.

Notes
Turn   | Place    | Note
-------+----------+-------------------------------------------
     0 | D:1      | Andry07 the Merfolk Skald began the quest for the Orb.
     0 | D:1      | Reached XP level 1. HP: 16/16 MP: 3/3
   321 | D:1      | Reached skill level 3 in Fighting
   321 | D:1      | Reached XP level 2. HP: 21/24 MP: 5/5
   871 | D:2      | Reached XP level 3. HP: 30/30 MP: 6/6
   955 | D:2      | Reached skill level 4 in Fighting
  1601 | D:2      | Reached XP level 4. HP: 32/38 MP: 7/7
  1612 | D:2      | Reached skill level 5 in Fighting
  1955 | D:3      | Noticed ayyllmao's ghost (amateur HEHu)
  2443 | D:4      | Reached XP level 5. HP: 42/46 MP: 8/8
  2714 | D:4      | Reached skill level 6 in Fighting
  3090 | D:4      | Noticed Sigmund
  3105 | D:5      | Entered Level 5 of the Dungeon
  3105 | D:5      | Noticed a sky beast
  3127 | D:5      | Slain by a sky beast

Skill      XL: |  1  2  3  4  5 |
---------------+----------------+-----
Fighting       | 3 4 5 6 |  6.5
Long Blades    | |  2.1
Armour         | |  0.6
Dodging        | |  1.3
Spellcasting   | |  2.0
Charms         | |  3.2

Action                   |  1- 3 |  4- 6 || total
-------------------------+-------+-------++-------
Melee: Spear             |   110 |   147 ||   257
       Falchion          |     5 |       ||     5
 Stab: Sleeping          |     1 |     1 ||     2
  Eat: Chunk             |     2 |     4 ||     6
Armor: Leather armour    |    36 |     9 ||    45
       Scale mail        |       |    42 ||    42
Dodge: Dodged            |    53 |    62 ||   115
